 Dungeon Crawl Stone Soup version 0.28.0-43-g3370ac3207 (webtiles) character file.

Game seed: 8888269662685927689

956 ultragoat the Skirmisher (level 8, -5/69 HPs)
             Began as a Ghoul Monk on Mar 5, 2022.
             Was a Believer of Makhleb.
             Engulfed by a steam dragon's steam (7 damage)
             ... on level 5 of the Dungeon.
             The game lasted 00:25:05 (5368 turns).

ultragoat the Skirmisher (Ghoul Monk)               Turns: 5368, Time: 00:25:05

Health: -5/69      AC:  6    Str: 17    XL:     8   Next: 14%
Magic:  7/7        EV: 13    Int:  5    God:    Makhleb [**....]
Gold:   284        SH:  0    Dex: 11    Spells: 7/7 levels left

rFire   . . .      SeeInvis .   h - +3 demon trident (elec)
rCold   + . .      Faith    .   (no shield)
rNeg    + + +      Spirit   .   a - +0 robe
rPois   ∞          Reflect  .   i - +0 helmet
rElec   .          Harm     .   (no cloak)
rCorr   .          Rampage  .   (no gloves)
Will    .....                   f - +2 pair of boots
Stlth   ++........              (no amulet)
HPRegen 0.00/turn               (no ring)
MPRegen 0.10/turn               (no ring)

@: inhibited regen
A: claws 1, cold resistance 1, negative energy resistance 3, inhibited
regeneration, torment resistance 2
a: Renounce Religion, Minor Destruction


You were on level 5 of the Dungeon.
You worshipped Makhleb.
Makhleb was pleased with you.
You visited 2 branches of the dungeon, and saw 7 of its levels.

You collected 284 gold pieces.

Inventory:

Hand Weapons
 b - the +3 short sword "Hutwen" {vorpal, rN+}
   (You found it on level 3 of the Dungeon)

   It inflicts extra damage upon your enemies.
   rN:        It protects you from negative energy.
 h - a +3 demon trident of electrocution (weapon)
Missiles
 s - 3 javelins (quivered)
 t - a throwing net
Armour
 a - a +0 robe (worn)
 f - a +2 pair of boots (worn)
 i - a +0 helmet (worn)
Wands
 r - a wand of charming (7)
 u - a wand of mindburst (6)
Scrolls
 c - 5 scrolls of identify
 g - 2 scrolls of amnesia
 l - 4 scrolls of teleportation {unknown}
 m - a scroll of torment {unknown}
 n - a scroll of noise {unknown}
 p - a scroll of blinking {unknown}
 q - a scroll of silence {unknown}
Potions
 d - a potion of lignification {unknown}
 e - 2 potions of curing {unknown}
 j - 2 potions of mutation {unknown}
 k - a potion of attraction {unknown}
 o - a potion of heal wounds {unknown}


   Skills:
 * Level 5.4 Fighting
 * Level 5.3 Polearms
 * Level 4.5 Dodging
 * Level 3.9 Stealth
 - Level 4.2 Unarmed Combat


You had 7 spell levels left.
You didn't know any spells.
Your spell library contained the following spells:

 Spells                   Type           Power      Damage    Failure   Level
 Summon Small Mammal      Summ           0%         N/A       47%         1
 Call Canine Familiar     Summ           0%         N/A       85%         3
 Summon Guardian Golem    Hex/Summ       0%         N/A       85%         3


Dungeon Overview and Level Annotations

Branches:
Dungeon (6/15)             Temple (1/1) D:4

Altars:
Ashenzari
Cheibriados
Dithmenos
Elyvilon
Fedhas
Gozag
Hepliaklqana
Kikubaaqudgha
Makhleb
Nemelex Xobeh
Okawaru
Qazlal
Ru
Sif Muna
Uskayaw
Vehumet
Wu Jian
Xom
Yredelemnul
Zin


Innate Abilities, Weirdness & Mutations

You thrive by killing the living.
You are immune to poison.
You have sharp fingernails.
Your flesh is cold resistant. (rC+)
You are immune to negative energy. (rN+++)
You do not regenerate when monsters are visible.
You are immune to unholy pain and torment.


Message History

The gnoll hits you but does no damage.
You barely miss the gnoll.
The gnoll is almost dead.
The gnoll completely misses you.
You impale the gnoll!!
You kill the gnoll!
Makhleb accepts your kill.
You feel better.
You see here a +0 spear.
There is an open door here.
HP restored.
There is a stone staircase leading down here.
You climb downwards.
There is a stone staircase leading up here.
The steam dragon hisses angrily.
There is a stone staircase leading up here.
Found a dagger.
The steam dragon breathes steam at you. The ball of steam misses you.
You are engulfed in a cloud of scalding steam.
You are engulfed in a cloud of scalding steam.
The steam dragon breathes steam at you. The ball of steam hits you!!
There is a stone staircase leading up here.
You are engulfed in a cloud of scalding steam.
The steam dragon bites you. The steam dragon barely misses you.
You climb upwards.
There is a stone staircase leading down here.
You hit the steam dragon.
The steam dragon is lightly wounded.
The steam dragon misses you. x2
You hit the steam dragon.
The steam dragon is lightly wounded.
The steam dragon breathes steam at you. The ball of steam hits you!!
* * * LOW HITPOINT WARNING * * *
You puncture the steam dragon!
The steam dragon is severely wounded.
You are engulfed in a cloud of scalding steam.
You die...

# #.# ########### #.#
#.........# #.# #..####.#.#
#.# # #..# #.#.# #.# #
#..####.#.#######.# #
#..##...........#.#
###########
#§.##.#.#.#####....
†.........# #.@.......#
#.... #########.#
#..D....### #.... #.#
#####....# #.#.# #.# ####.#
#.... #.# #.# ###.#
####.##### #.# ##'# #
#........# ###.### ##... ##
#.##.###.# ##.....# ##....
.##
#..#..##.#####....#.###.....


You could see a steam dragon (catching breath).

Vanquished Creatures
  A black bear (D:4)
  A necrophage (D:5)
  An ogre (D:5)
  A bullfrog (D:5)
  A scorpion (D:5)
  A wyvern skeleton (D:3)
  A centaur zombie (D:5)
  A gnoll shaman (D:5)
  2 hounds (D:5)
  3 iguanas
  A hound zombie (D:5)
  A hound skeleton (D:4)
  6 gnolls
  6 adders
  A white imp (D:5)
  A worm (D:2)
  4 ball pythons
  3 bats
  6 endoplasms
  3 giant cockroaches
  13 goblins
  8 hobgoblins
  3 jackals (D:2)
  5 quokkas
  3 frilled lizards
  3 kobolds
  9 rats
89 creatures vanquished.

Vanquished Creatures (collateral kills)
  An ogre (D:4)
  An adder (D:4)
2 creatures vanquished.

Vanquished Creatures (others)
  A gnoll (D:6)
  3 plants (D:6)
4 creatures vanquished.

Grand Total: 95 creatures vanquished

Notes
Turn   | Place    | Note
-------+----------+-------------------------------------------
     0 | D:1      | ultragoat the Ghoul Monk began the quest for the Orb.
     0 | D:1      | Reached XP level 1. HP: 19/19 MP: 0/0
   204 | D:1      | Reached XP level 2. HP: 21/26 MP: 1/1
   267 | D:1      | Found a faded altar of an unknown god.
   822 | D:2      | Reached XP level 3. HP: 33/33 MP: 2/2
  1295 | D:2      | Reached XP level 4. HP: 39/40 MP: 3/3
  2039 | D:3      | Identified the +3 short sword "Hutwen" {vorpal, rN+}
  2220 | D:3      | Reached XP level 5. HP: 41/47 MP: 4/4
  2684 | D:4      | Reached skill level 1 in Polearms
  2814 | D:4      | Noticed a black bear
  2827 | D:4      | Killed a black bear
  2828 | D:4      | Reached XP level 6. HP: 24/53 MP: 5/5
  3011 | D:4      | Found a staircase to the Ecumenical Temple.
  3102 | Temple   | Entered the Ecumenical Temple
  3343 | Temple   | Became a worshipper of Makhleb the Destroyer
  3343 | Temple   | Reached * piety under Makhleb
  3343 | Temple   | Reached ** piety under Makhleb
  3935 | D:4      | Reached XP level 7. HP: 60/60 MP: 6/6
  4060 | D:5      | Entered Level 5 of the Dungeon
  4144 | D:5      | Reached skill level 5 in Fighting
  4672 | D:5      | Reached skill level 5 in Polearms
  4672 | D:5      | Reached XP level 8. HP: 68/68 MP: 7/7
  4674 | D:5      | Found an ornate altar of the Wu Jian Council.
  5367 | D:5      | HP: 2/69 [steam dragon/ball of steam (23)]
  5368 | D:5      | Engulfed by a steam dragon's steam

Illustrated notes

Levels and vault maps discovered:
D:1:      lemuel_arrival_muddy, layout_basic,
          shapermc_ecumenical_altar_mp_highgroup
D:2:      layout_basic
D:3:      layout_basic, hangedman_decor_push, serial_bayou_crossing
D:4:      layout_loops_cross, minmay_temple_entry_slanted
D:5:      layout_loops_corners, mainiacjoe_overflow_small_starburst,
          minmay_ogre_servants
D:6:      layout_rooms, serial_bayou_lagoon_a
Temple:   mainiacjoe_temple_bowtie_tessellation

Skill      XL: |  1  2  3  4  5  6  7 |
---------------+----------------------+-----
Dodging        | 3 4 |  4.5
Fighting       | 4 5 |  5.4
Unarmed Combat | 4 |  4.2
Polearms       | 2 3 5 |  5.3
Stealth        | 3 |  3.9

Action                   |  1- 3 |  4- 6 |  7- 9 || total
-------------------------+-------+-------+-------++-------
Melee: Unarmed           |   106 |    47 |       ||   153
       Punch             |     2 |     2 |     1 ||     5
       Demon trident     |       |    80 |    66 ||   146
Evoke: Wand              |       |       |     2 ||     2
  Use: Scroll            |       |     8 |       ||     8
 Stab: Sleeping          |     3 |     3 |     3 ||     9
       Distracted        |       |     1 |       ||     1
Armor: Robe              |    18 |    33 |    22 ||    73
Dodge: Dodged            |    59 |    94 |    56 ||   209
